 Dungeon Crawl Stone Soup version 0.25.1-2-g60ff931df9 (webtiles) character file.

Game seed: 16391135403531069292

26 pokeman the Magician (level 2, 0/16 HPs)
             Began as a Deep Elf Wizard on Oct 23, 2020.
             Succumbed to an adder's poison
             ... on level 2 of the Dungeon.
             The game lasted 00:02:09 (975 turns).

pokeman the Magician (Deep Elf Wizard)               Turns: 975, Time: 00:02:10

Health: 0/16       AC:  3    Str:  4    XL:     2   Next: 89%
Magic:  10/10      EV: 11    Int: 22    God:
Gold:   37         SH:  0    Dex: 13    Spells: 10/11 levels left

rFire    . . .     SeeInvis .   (no weapon)
rCold    . . .     Gourm    .   (no shield)
rNeg     . . .     Faith    .   m - +0 leather armour
rPois    .         Spirit   .   b - +0 hat
rElec    .         Reflect  .   (no cloak)
rCorr    .         Harm     .   (no gloves)
MR       .....                  (no boots)
Stlth    ++........             (no amulet)
HPRegen  0.05/turn              (no ring)
MPRegen  0.12/turn              (no ring)

@: mighty, brilliant, lethally poisoned (0 -> -4), flying
A: no striking features
a: no special abilities


You were on level 2 of the Dungeon.
You were not hungry.

You visited 1 branch of the dungeon, and saw 2 of its levels.

You collected 37 gold pieces.

Inventory:

Armour
 b - a +0 hat (worn)
 m - a +0 leather armour (worn)
Scrolls
 a - a scroll of magic mapping {unknown}
 f - a scroll of remove curse {unknown}
 g - a scroll of fear {unknown}
 h - a scroll of random uselessness {unknown}
 i - a scroll of noise {unknown}
 k - a scroll of identify {unknown}
Potions
 e - a potion of flight
Comestibles
 d - 3 rations


   Skills:
 + Level 0.7 Fighting
 + Level 0.7 Armour
 - Level 2.4 Dodging
 - Level 2.4 Stealth
 * Level 5.0 Spellcasting
 + Level 1.6 Conjurations
   Level 1.1 Summonings
   Level 1.1 Translocations


You had 10 spell levels left.
You knew the following spells:

 Your Spells              Type           Power        Failure   Level  Hunger
a - Magic Dart            Conj           ###.         9%          1    None

Your spell library contained the following spells:

 Spells                   Type           Power        Failure   Level  Hunger
 Blink                    Tloc           N/A          17%         2    None
 Call Imp                 Summ           ###.....     17%         2    None
 Slow                     Hex            #.......     26%         2    None
 Conjure Flame            Conj/Fire      ##......     36%         3    None
 Mephitic Cloud           Conj/Pois/Air  ##......     41%         3    None


Dungeon Overview and Level Annotations

Branches:
Dungeon (2/15)

Altars:


Message History

* * * LOW HITPOINT WARNING * * *
You feel sick.
Found 11 poisoned darts.
You reach down and open the door.
* * * LOW HITPOINT WARNING * * *
You feel sick.
Found an escape hatch in the floor.
There is an open door here.
Found an escape hatch in the ceiling.
* * * LOW HITPOINT WARNING * * *
You feel sick.
Found a scroll labeled XYISAM RYCK.
There is an escape hatch in the floor here.
A worm and a kobold come into view.
* * * LOW HITPOINT WARNING * * *
You feel sick.
Your magical contamination has completely faded away.
You see here a scroll labeled XYISAM RYCK.
a - a scroll labeled XYISAM RYCK You die...

.. ## .#### ... #.
....# w ...###.
#.........
......#...#.#.#.#.
#..........#.....
#K.....##........
#...............
#...@###......#
#.............#
#....##.><....#
#...###.##......
######...# #####
#....#.###
#..<.#.# #....'.#
#....###


You could see a kobold (asleep).

Vanquished Creatures
  An adder (D:2)
  A dart slug (D:1)
  A ball python (D:1)
  A giant cockroach (D:1)
  A goblin (D:1)
  2 hobgoblins (D:1)
  A bat (D:1)
  2 frilled lizards (D:1)
  4 kobolds (D:1)
  2 rats (D:1)
16 creatures vanquished.

Notes
Turn   | Place    | Note
-------+----------+-------------------------------------------
     0 | D:1      | pokeman the Deep Elf Wizard began the quest for the Orb.
     0 | D:1      | Reached XP level 1. HP: 10/10 MP: 7/7
   331 | D:1      | Reached XP level 2. HP: 16/16 MP: 0/9
   958 | D:2      | Reached skill level 5 in Spellcasting
   975 | D:2      | Succumbed to an adder's poison

Illustrated notes

Levels and vault maps discovered:
D:1:      kilobyte_arrival_exit_the_forest, layout_rooms, minmay_liquid_box
D:2:      layout_basic, bloody_makhleb

Skill      XL: |  1  2 |
---------------+-------+-----
Spellcasting   | 5 |  5.0
Fighting       | |  0.7
Armour         | |  0.7
Dodging        | |  2.4
Stealth        | |  2.4
Conjurations   | |  1.6
Summonings     | |  1.1
Translocations | |  1.1

Action                   || total
-------------------------++-------
Melee: Unarmed           ||     8
 Cast: Magic Dart        ||    50
  Use: Potion            ||     4
Armor: Robe              ||     1
       Leather armour    ||     1
Dodge: Dodged            ||    12
